 Dungeon Crawl Stone Soup version 0.24-a0-458-gfcb5e6da0e (webtiles) character file.

Game seed: 14739268983099336955

86 Mithandil the Conjurer (level 4, -2/24 HPs)
             Began as a Deep Elf Conjurer on June 27, 2019.
             Slain by Sigmund
             ... wielding a +0 scythe
              (8 damage)
             ... on level 3 of the Dungeon.
             The game lasted 00:21:18 (2194 turns).

Mithandil the Conjurer (Deep Elf Conjurer)          Turns: 2194, Time: 00:21:18

Health: -2/24      AC:  7    Str:  5    XL:     4   Next: 27%
Magic:  10/12      EV: 16    Int: 21    God:
Gold:   98         SH:  0    Dex: 15    Spells: 8/11 levels left

rFire    . . .     SeeInvis .   a - +0 dagger
rCold    . . .     Gourm    .   (no shield)
rNeg     . . .     Faith    .   f - +2 robe
rPois    .         Spirit   .   m - +2 hat
rElec    .         Reflect  .   (no cloak)
rCorr    .         Harm     .   l - +0 pair of gloves
MR       .....                  (no boots)
Stlth    ++........             (no amulet)
HPRegen  0.08/turn              k - +3 ring of evasion
MPRegen  0.13/turn              n - ring of stealth

@: confused
A: no striking features
a: no special abilities


You were on level 3 of the Dungeon.
You were not hungry.

You visited 1 branch of the dungeon, and saw 3 of its levels.

You collected 98 gold pieces.

Inventory:

Hand Weapons
 a - a +0 dagger (weapon)
 b - a +0 spear
Missiles
 e - 3 stones (quivered)
Armour
 f - a +2 robe (worn)
 l - a +0 pair of gloves (worn)
 m - a +2 hat (worn)
Jewellery
 k - a +3 ring of evasion (left hand)
 n - a ring of stealth (right hand)
Potions
 g - a potion of invisibility {unknown}
 h - a potion of agility
 i - a potion of degeneration {unknown}
 j - a potion of lignification {unknown}
Comestibles
 c - 4 rations


   Skills:
 + Level 3.3 Dodging
 + Level 3.6 Stealth
 + Level 4.0 Spellcasting
 + Level 4.9 Conjurations


You had 8 spell levels left.
You knew the following spells:

 Your Spells              Type           Power        Failure   Level  Hunger
a - Magic Dart            Conj           ####         1%          1    None
b - Searing Ray           Conj           ####..       2%          2    #......

Your spell library contained the following spells:

 Spells                   Type           Power        Failure   Level  Hunger
 Dazzling Spray           Conj/Hex       ##....       13%         3    ###....
 Iskenderun's Mystic Bla  Conj           ####....     16%         4    ####...
 Force Lance              Conj/Tloc      ##......     38%         4    ####...
 Fulminant Prism          Conj/Hex       ##........   38%         4    ####...


Dungeon Overview and Level Annotations

Branches:
Dungeon (3/15)

Altars:
Ashenzari
Fedhas

Annotations:
D:3 Sigmund


Message History

The searing ray hits the adder!
You kill the adder!
Sigmund says, "Your kind have come here before.
I understand now why.
You desire death..."
Sigmund casts a spell.
Sigmund flickers and vanishes!
Deactivating autopickup; reactivate with Ctrl-A.
There is an open door here.
You hear some strange, mumbled words.
You are confused.
Something hits you.
You feel less confused. Something hits you!
Ouch! That really hurt!
* * * LOW HITPOINT WARNING * * *
You hear some strange, mumbled words.
You are confused.
There is an open door here.
You bump into the rock wall.
You bump into the rock wall.
Something hits you!
You die...

#######.... # ( # #
# # ###### #
#....##########
###....#........###
.......'........@<#
###....#........###
#....#........#
#....#........#
#....#........#
#....#........#
#....#........#
######........#
#........#


There were no monsters in sight!

Vanquished Creatures
  3 adders
  3 dart slugs (D:1)
  3 leopard geckos
  2 giant cockroaches (D:2)
  6 goblins
  8 hobgoblins
  7 kobolds (D:1)
  A quokka (D:2)
  6 bats
  5 frilled lizards
  6 rats
50 creatures vanquished.

Notes
Turn   | Place    | Note
-------+----------+-------------------------------------------
     0 | D:1      | Mithandil the Deep Elf Conjurer began the quest for the
                  | Orb.
     0 | D:1      | Reached XP level 1. HP: 10/10 MP: 6/6
   143 | D:1      | Reached XP level 2. HP: 15/15 MP: 2/8
   147 | D:1      | Learned a level 2 spell: Searing Ray
   656 | D:1      | Reached XP level 3. HP: 19/19 MP: 5/10
  1359 | D:2      | Found a shattered altar of Ashenzari.
  1720 | D:2      | Reached XP level 4. HP: 20/24 MP: 2/11
  1898 | D:2      | Found a blossoming altar of Fedhas.
  2158 | D:3      | Noticed Sigmund
  2194 | D:3      | Slain by Sigmund

Levels and vault maps discovered:
D:1:      dpeg_arrival_pits, layout_loops_corners, minmay_close_crescents
D:2:      layout_basic, lemuel_doored_altar, first_ration, fedhas_altar_2
D:3:      layout_basic, nemelex_altar_shiori, uniq_sigmund

Skill      XL: |  1  2  3  4 |
---------------+-------------+-----
Stealth        | 3 |  3.6
Dodging        | 3 |  3.3
Spellcasting   | 4 |  4.0
Conjurations   | |  4.9

Action                   |  1- 3 |  4- 6 || total
-------------------------+-------+-------++-------
Melee: Dagger            |     2 |       ||     2
 Cast: Magic Dart        |    55 |    13 ||    68
       Searing Ray       |    15 |     1 ||    16
  Use: Scroll            |     7 |       ||     7
  Eat: Ration            |     1 |       ||     1
       Chunk             |       |     1 ||     1
Armor: Robe              |     3 |       ||     3
Dodge: Dodged            |    13 |     1 ||    14

Table legend:
 A = Non-vault XP
 B = Vault XP
 C = Vault XP percentage of total XP
 D = Non-vault monster count
 E = Vault monster count
 F = Vault count percentage of total count
                 A         B        C        D         E       F
            +---------+---------+-------+---------+---------+-------
      Total |     112 |      12 |   9.7 |      44 |       6 |  12.0
            +---------+---------+-------+---------+---------+-------
        D:1 |      38 |      12 |  24.0 |      20 |       6 |  23.1
        D:2 |      55 |       0 |   0.0 |      20 |       0 |   0.0
        D:3 |      19 |       0 |   0.0 |       4 |       0 |   0.0
            +---------+---------+-------+---------+---------+-------
